 Dungeon Crawl Stone Soup version 0.25.1-4-g9407a263a5 (webtiles) character file.

Game seed: 14927646556793778347

173 Gabide the Poker (level 5, -1/41 HPs)
             Began as a Human Chaos Knight on Nov 29, 2020.
             Was a Plaything of Xom.
             Slain by execc's ghost (10 damage)
             ... on level 3 of the Dungeon.
             The game lasted 00:09:50 (2985 turns).

Gabide the Poker (Human Chaos Knight)               Turns: 2985, Time: 00:09:50

Health: -1/41      AC:  7    Str: 13    XL:     5   Next: 83%
Magic:  5/5        EV: 12    Int: 10    God:    Xom [.*....]
Gold:   233        SH:  0    Dex: 13    Spells: 4/4 levels left

rFire    . . .     SeeInvis +   a - +0 spear (chaos)
rCold    . . .     Gourm    .   (no shield)
rNeg     . . .     Faith    .   b - +2 leather armour
rPois    .         Spirit   .   (no helmet)
rElec    .         Reflect  .   (no cloak)
rCorr    .         Harm     .   (no gloves)
MR       .....                  (no boots)
Stlth    +.........             (no amulet)
HPRegen  0.13/turn              h - ring of see invisible
MPRegen  0.09/turn              (no ring)

@: no status effects
A: molten scales 1, deterioration 1, dopey 1, wild magic 1
a: Renounce Religion


You were on level 3 of the Dungeon.
You worshipped Xom.
You were a plaything of Xom.
You were hungry.

You visited 1 branch of the dungeon, and saw 3 of its levels.

You collected 233 gold pieces.

Inventory:

Hand Weapons
 a - a +0 spear of chaos (weapon)
Missiles
 l - 2 javelins (quivered)
Armour
 b - a +2 leather armour (worn)
 i - a cursed -1 chain mail
Jewellery
 h - a ring of see invisible (left hand)
Scrolls
 e - 3 scrolls of remove curse
 k - 2 scrolls of teleportation
Potions
 f - a potion of brilliance
Comestibles
 c - 4 rations
 d - 2 chunks of flesh


   Skills:
 + Level 3.5 Fighting
 * Level 4.7 Polearms
 + Level 2.5 Armour
 * Level 2.7 Dodging


You had 4 spell levels left.
You didn't know any spells.
Your spell library contained the following spells:

 Spells                   Type           Power        Failure   Level  Hunger
 Ensorcelled Hibernation  Hex/Ice        #.....       67%         2    ###....


Dungeon Overview and Level Annotations

Branches:
Dungeon (3/15)

Altars:
Ashenzari
Uskayaw
Zin
The Shining One

Annotations:
D:3 execc's ghost, amateur BaMo


Innate Abilities, Weirdness & Mutations

You are partially covered in molten scales. (AC +2)
Your body sometimes deteriorates upon taking damage.
You are dopey. (Int -2)
Your spells are a little harder to cast, but a little more powerful.


Message History

Press: ? - help, Shift-Dir - straight line, f/p - execc's ghost
Aim: execc's ghost (heavily damaged, fast, unusually agile, confused)
You throw a javelin.
The javelin barely misses execc's ghost.
Execc's ghost seems less confused.
Execc's ghost is no longer unusually agile.
You hit execc's ghost but do no damage.
Execc's ghost is heavily damaged.
Execc's ghost hits you but does no damage.
You barely miss execc's ghost.
Execc's ghost is heavily damaged.
Execc's ghost closely misses you.
Press: ? - help, v - describe, . - travel
Here: execc's ghost (heavily damaged, fast)
The floor.
You closely miss execc's ghost.
Execc's ghost is heavily damaged.
Execc's ghost hits you!
You die...
Xom thinks this is hilarious!

####.###.#######.#
#########...##........(#
...............#########
.########...#### .#
##.## .# #.# #### .# #.#
##..# .# *#######†# .#
*≈"≈≈≈≈'@# .# *#######W#
.# #.####..# .#
#.....(##
##########.######
...........#
############


You could see execc's ghost (fast).

Vanquished Creatures
  Jessica (D:2)
  10 adders
  2 worms (D:3)
  3 dart slugs
  A leopard gecko (D:2)
  4 giant cockroaches
  5 hobgoblins
  A quokka (D:2)
  2 ball pythons (D:1)
  10 bats
  2 frilled lizards
  2 goblins
  8 kobolds
  3 rats
54 creatures vanquished.

Notes
Turn   | Place    | Note
-------+----------+-------------------------------------------
     0 | D:1      | Gabide the Human Chaos Knight began the quest for the Orb.
     0 | D:1      | Reached XP level 1. HP: 18/18 MP: 1/1
    22 | D:1      | XOM: silly message
   132 | D:1      | Reached XP level 2. HP: 24/24 MP: 2/2
   207 | D:1      | XOM: divination: detect creatures
   291 | D:1      | XOM: divination: detect items
   422 | D:1      | XOM: divination: detect creatures
   688 | D:2      | Found a glowing silver altar of Zin.
   708 | D:2      | Reached XP level 3. HP: 29/29 MP: 3/3
   732 | D:2      | Noticed Jessica
   740 | D:2      | Killed Jessica
   743 | D:2      | XOM: noise
   748 | D:2      | Reached XP level 4. HP: 6/35 MP: 4/4
   749 | D:2      | XOM: silly message
  1171 | D:2      | Identified Jessica's Disquisition on Execration
  1245 | D:2      | Gained mutation: You are dopey. (Int -2) [potion of
                  | mutation]
  1245 | D:2      | Gained mutation: You are partially covered in molten
                  | scales. (AC +2) [potion of mutation]
  1245 | D:2      | Gained mutation: Your body sometimes deteriorates upon
                  | taking damage. [potion of mutation]
  1245 | D:2      | Gained mutation: Your spells are a little harder to cast,
                  | but a little more powerful. [potion of mutation]
  1305 | D:2      | XOM: divination: detect items
  1389 | D:2      | XOM: silly message
  1521 | D:2      | Found a hide-covered altar of Uskayaw.
  1523 | D:2      | Found a shattered altar of Ashenzari.
  1594 | D:2      | Reached skill level 4 in Polearms
  1855 | D:3      | Found a glowing golden altar of the Shining One.
  1878 | D:3      | Reached XP level 5. HP: 41/41 MP: 5/5
  2127 | D:3      | Found a glowing drain.
  2127 | D:3      | XOM: 7-stop teleportation journey
  2462 | D:3      | XOM: god gift: 58 gold pieces
  2914 | D:3      | Found a runed translucent door.
  2916 | D:3      | Noticed execc's ghost (amateur BaMo)
  2928 | D:3      | XOM: blink monster(s)
  2951 | D:3      | XOM: divination: magic mapping
  2985 | D:3      | Slain by execc's ghost

Illustrated notes

Levels and vault maps discovered:
D:1:      lemuel_arrival_behind_the_door_large, layout_basic,
          minmay_misc_feat_rows, minmay_pentomino_x2
D:2:      layout_loops_ring, minitemple, lemuel_doored_altar,
          kennysheep_jessica_study
D:3:      layout_loops_ring, old_standard_altar, ebering_ghost_sewer_d,
          first_ration, cheibrodos_sewer_entry_bend

Skill      XL: |  1  2  3  4 |
---------------+-------------+-----
Dodging        | 2 |  2.7
Polearms       | 4 |  4.7
Fighting       | |  3.5
Armour         | |  2.5

Action                   |  1- 3 |  4- 6 || total
-------------------------+-------+-------++-------
Melee: Spear             |    65 |   183 ||   248
Throw: Javelin           |     4 |    17 ||    21
  Use: Scroll            |     3 |     6 ||     9
       Potion            |     1 |     4 ||     5
 Stab: Sleeping          |       |     2 ||     2
       Confused          |       |     1 ||     1
  Eat: Chunk             |       |     6 ||     6
Armor: Leather armour    |    26 |    46 ||    72
       Skin              |       |    31 ||    31
Dodge: Dodged            |    39 |    68 ||   107
